Map: [ESL] Data-C

Players

trigger - Winner!

  • Race: Protoss Protoss
  • Spawn Location: 9:00

Nina

  • Race: Protoss Protoss
  • Spawn Location: 3:00

Event: DreamHack SC2 Masters 2022 Atlanta (Online)

VOD

Have the link to the VOD?

Description

Time

  • Played on: Oct. 14, 2022, 4:07 p.m.
  • Length: 11:12

All games in this series

Show
View Real Time Build Order
Export as new Build Order

trigger Protoss - Winner!

Build Orders: 1 Gate Expand, Blink Stalkers 

Get SALT Encoding   

  12  0:00  Probe  
  13  0:12  Probe  
  14  0:19  Pylon  
  14  0:24  Probe  
  15  0:38  Probe (Chrono Boost)  
  15  0:39  Gateway  
  16  0:46  Probe (Chrono Boost)  
  16  0:47  Assimilator  
  17  0:52  Probe  
  18  1:04  Probe  
  20  1:22  Probe  
  20  1:28  Cybernetics Core  
  20  1:33  Nexus  
  20  1:38  Assimilator  
  20  1:41  Probe  
  21  1:48  Pylon  
  21  1:53  Probe (Chrono Boost)  
  22  2:06  Probe (Chrono Boost), Stalker  
  25  2:11  Probe (Chrono Boost)  
  25  2:14  Warp Gate  
  26  2:20  Probe  
  27  2:29  Gateway  
  27  2:32  Probe (Chrono Boost)  
  27  2:36  Stalker (Chrono Boost)  
  30  2:43  Probe (Chrono Boost)  
  31  2:47  Probe x2 (Chrono Boost)  
  33  2:52  Shield Battery  
  33  2:58  Probe  
  34  3:02  Probe  
  36  3:09  Sentry  
  36  3:10  Probe  
  37  3:12  Twilight Council  
  37  3:14  Probe  
  37  3:16  Stalker  
  40  3:22  Probe (Chrono Boost)  
  40  3:27  Pylon  
  42  3:31  Probe (Chrono Boost)  
  43  3:34  Probe (Chrono Boost)  
  43  3:35  Shield Battery  
  43  3:41  Probe (Chrono Boost)  
  45  3:42  Probe (Chrono Boost)  
  45  3:46  Blink (Chrono Boost)  
  45  3:48  Probe  
  45  3:54  Probe  
  47  3:56  Pylon  
  47  4:01  Stalker x2  
  51  4:03  Probe  
  51  4:07  Probe, Assimilator  
  53  4:16  Gateway  
  53  4:22  Robotics Facility  
  53  4:28  Stalker  
  55  4:35  Stalker  
  55  4:36  Probe x2  
  59  4:43  Nexus  
  59  4:44  Pylon  
  59  4:50  Probe  
  59  4:51  Probe  
  61  5:00  Pylon  
  61  5:03  Stalker x2  
  61  5:05  Shield Battery  
  61  5:06  Probe (Chrono Boost)  
  67  5:09  Observer (Chrono Boost)  
  67  5:10  Stalker  
  67  5:12  Probe (Chrono Boost)  
  70  5:18  Probe (Chrono Boost)  
  70  5:20  Probe (Chrono Boost)  
  72  5:22  Forge  
  72  5:29  Probe, Pylon  
  72  5:31  Probe  
  75  5:35  Observer  
  75  5:40  Stalker  
  75  5:41  Probe  
  78  5:48  Probe (Chrono Boost)  
  79  5:50  Gateway, Stalker x2  
  79  5:53  Protoss Ground Weapons Level 1 (Chrono Boost)  
  79  5:55  Probe (Chrono Boost)  
  85  5:58  Probe (Chrono Boost)  
  87  6:04  Probe (Chrono Boost)  
  87  6:05  Probe (Chrono Boost)  
  87  6:10  Probe (Chrono Boost)  
  88  6:12  Stalker  
  88  6:13  Probe  
  88  6:14  Stalker x2  
  93  6:20  Probe  
  93  6:24  Probe  
  91  6:31  Probe  
  83  6:36  Stalker x2  
  83  6:37  Stalker  
  80  6:45  Probe (Chrono Boost)  
  81  6:49  Probe (Chrono Boost)  
  81  6:53  Probe (Chrono Boost)  
  83  6:55  Probe (Chrono Boost)  
  83  6:58  Nexus  
  83  7:00  Stalker x2  
  83  7:01  Probe x2 (Chrono Boost)  
  89  7:02  Observer  
  89  7:03  Stalker  
  89  7:05  Probe (Chrono Boost)  
  89  7:07  Probe (Chrono Boost)  
  94  7:10  Probe (Chrono Boost), Pylon  
  94  7:11  Probe (Chrono Boost)  
  94  7:14  Probe  
  96  7:20  Assimilator  
  96  7:22  Probe  
  97  7:25  Assimilator  
  97  7:26  Stalker x2  
  97  7:28  Probe x2  
  97  7:29  Pylon  
  103  7:30  Pylon  
  103  7:35  Shield Battery  
  103  7:36  Probe  
  103  7:37  Pylon  
  104  7:40  Stalker  
  104  7:42  Probe  
  104  7:43  Probe  
  108  7:51  Stalker  
  108  7:52  Stalker x2  
  108  7:53  Probe  
  108  7:56  Protoss Ground Weapons Level 2 (Chrono Boost)  
  115  7:58  Probe  
  115  8:00  Gateway  
  115  8:01  Gateway  
  115  8:04  Stalker  
  118  8:09  Probe  
  118  8:12  Probe  
  120  8:17  Probe (Chrono Boost)  
  120  8:18  Stalker x3  
  120  8:19  Probe (Chrono Boost)  
  128  8:22  Gateway  
  128  8:25  Pylon  
  128  8:26  Probe (Chrono Boost)  
  130  8:31  Probe (Chrono Boost)  
  130  8:33  Stalker  
  128  8:42  Photon Cannon  
  128  8:44  Stalker x3  
  128  8:45  Gateway  
  134  8:50  Immortal  
  137  8:56  Stalker  
  137  8:57  Stalker x2  
  140  9:06  Probe  
  140  9:07  Stalker x3  
  141  9:20  Gateway  
  141  9:21  Stalker x4  
  141  9:22  Pylon  
  145  9:28  Warp Prism (Chrono Boost)  
  147  9:33  Probe, Stalker x3  
  154  9:41  Assimilator  
  154  9:43  Pylon  
  154  9:45  Pylon  
  154  9:46  Stalker  
  154  9:49  Stalker x2  
  154  9:50  Nexus  
  160  9:59  Stalker x2  
  164  10:02  Stalker x3  
  168  10:11  Stalker  
  168  10:12  Photon Cannon  
  170  10:15  Immortal  
  170  10:22  Zealot x4  
  170  10:23  Zealot  
  170  10:24  Stalker x2  
  170  10:25  Stalker x4  
  166  10:34  Stalker  
  166  10:35  Stalker x2  
  158  10:45  Nexus  
  158  10:54  Stalker x5, Pylon  
  162  11:05  Stalker x3  
  162  11:09  Photon Cannon  
Show
View Real Time Build Order
Export as new Build Order

Nina Protoss 

Build Orders: Blink Stalkers 

Get SALT Encoding   

  12  0:00  Probe  
  13  0:12  Probe  
  14  0:17  Pylon  
  14  0:24  Probe  
  15  0:36  Probe (Chrono Boost)  
  15  0:37  Gateway  
  16  0:47  Probe (Chrono Boost), Assimilator  
  17  0:52  Probe (Chrono Boost)  
  18  0:59  Assimilator  
  18  1:03  Probe (Chrono Boost)  
  19  1:14  Probe (Chrono Boost)  
  20  1:18  Pylon  
  20  1:20  Probe (Chrono Boost)  
  21  1:26  Cybernetics Core  
  21  1:32  Zealot  
  23  1:36  Probe  
  24  1:49  Probe  
  25  2:07  Nexus  
  25  2:11  Stalker (Chrono Boost)  
  27  2:17  Probe  
  27  2:20  Warp Gate  
  28  2:29  Probe  
  29  2:32  Pylon  
  29  2:38  Stalker  
  31  2:49  Twilight Council  
  31  2:51  Probe  
  32  3:05  Probe  
  33  3:09  Robotics Facility  
  33  3:12  Stalker  
  35  3:17  Probe (Chrono Boost)  
  36  3:21  Probe (Chrono Boost)  
  36  3:25  Blink (Chrono Boost)  
  36  3:26  Shield Battery  
  37  3:38  Probe (Chrono Boost)  
  39  3:42  Probe (Chrono Boost)  
  39  3:44  Probe  
  40  3:52  Gateway  
  40  3:53  Probe  
  41  3:56  Observer  
  41  3:57  Probe  
  43  4:05  Probe  
  43  4:08  Stalker  
  43  4:09  Probe  
  47  4:13  Gateway  
  47  4:17  Probe  
  47  4:23  Gateway, Probe  
  49  4:25  Observer  
  49  4:29  Probe  
  50  4:35  Probe  
  51  4:40  Stalker  
  51  4:41  Probe  
  51  4:43  Pylon  
  54  4:56  Nexus  
  54  4:57  Pylon  
  54  4:59  Pylon  
  54  5:01  Probe x2  
  54  5:05  Adept  
  58  5:08  Adept  
  60  5:16  Probe  
  61  5:23  Probe  
  61  5:28  Probe  
  63  5:30  Stalker x4  
  63  5:34  Assimilator  
  71  5:36  Shield Battery  
  71  5:38  Probe  
  72  5:43  Forge  
  72  5:44  Observer (Chrono Boost)  
  72  5:46  Gateway  
  72  5:48  Probe (Chrono Boost)  
  74  5:55  Probe (Chrono Boost)  
  75  6:03  Stalker  
  78  6:08  Stalker  
  78  6:09  Stalker x2  
  80  6:12  Shield Battery  
  80  6:15  Probe  
  81  6:19  Probe  
  80  6:27  Probe  
  80  6:32  Stalker x4  
  85  6:38  Probe (Chrono Boost)  
  85  6:39  Probe (Chrono Boost)  
  87  6:43  Protoss Ground Weapons Level 1 (Chrono Boost)  
  87  6:45  Probe (Chrono Boost)  
  86  6:50  Pylon  
  86  6:51  Probe x2 (Chrono Boost)  
  86  6:53  Gateway, Photon Cannon  
  87  6:56  Gateway  
  87  7:00  Probe x2 (Chrono Boost)  
  87  7:01  Probe (Chrono Boost)  
  89  7:05  Probe (Chrono Boost)  
  89  7:07  Probe, Pylon  
  91  7:08  Observer, Pylon  
  91  7:14  Nexus  
  91  7:22  Stalker x2  
  96  7:26  Immortal (Chrono Boost)  
  96  7:27  Sentry  
  100  7:34  Stalker x2  
  104  7:37  Probe x2  
  104  7:39  Assimilator  
  104  7:43  Gateway  
  104  7:44  Probe  
  107  7:47  Adept x2  
  107  7:49  Probe  
  107  7:50  Probe  
  113  7:52  Pylon  
  113  7:54  Pylon  
  113  7:58  Probe  
  114  7:59  Charge (Chrono Boost)  
  114  8:01  Pylon  
  114  8:04  Gateway  
  114  8:07  Sentry  
  114  8:08  Probe  
  114  8:10  Probe  
  118  8:16  Pylon  
  118  8:17  Pylon  
  118  8:23  Stalker x5  
  128  8:28  Stalker  
  126  8:38  Probe x2 (Chrono Boost)  
  126  8:40  Photon Cannon  
  130  8:42  Probe x2 (Chrono Boost)  
  130  8:48  Stalker  
  133  8:49  Probe (Chrono Boost)  
  133  9:00  Stalker x2  
  125  9:13  Stalker x3  
  125  9:15  Zealot x2  
  125  9:16  Zealot x2  
  129  9:19  Assimilator  
  127  9:27  Stalker x2  
  127  9:29  Assimilator x2  
  127  9:30  Photon Cannon  
  122  9:31  Shield Battery  
  122  9:32  Immortal  
  122  9:37  Photon Cannon  
  122  9:38  Zealot x3, Stalker x2  
  130  9:39  Zealot  
  130  9:43  Probe  
  139  9:47  Stalker  
  139  9:48  Probe  
  139  9:51  Zealot x2  
  146  9:53  Pylon  
  146  9:57  Probe  
  147  10:04  Zealot x6  
  153  10:12  Zealot x3  
  151  10:24  Zealot x2  
  151  10:25  Zealot  
  123  10:32  Zealot x3  
  123  10:33  Immortal, Probe  
  119  10:38  Nexus  
  119  10:41  Zealot  
  119  10:42  Zealot x2  
  122  10:47  Stalker x2  
  116  10:50  Stalker  
  116  10:53  Stalker  
  107  11:00  Zealot x2  
  104  11:04  Stalker x2  
  104  11:05  Stalker x3  
Tags
 
Add a new tag
Caveats
  • Supply blocks, unpowered buildings, or Contaminate may cause inaccurate times.
  • Supply counts are checked every 10 seconds.